 Dungeon Crawl Stone Soup version 0.24.1 (console) character file.

Game seed: 17367867299273085667, levelgen mode: deterministic

422 OTRawrior the Conjurer (level 6, -5/32 HPs)
             Began as a Deep Elf Conjurer on Mar 27, 2020.
             Slain by Crazy Yiuf
             ... wielding a +3 quarterstaff of chaos
              (21 damage)
             ... on level 3 of the Dungeon.
             The game lasted 00:10:54 (2598 turns).

OTRawrior the Conjurer (Deep Elf Conjurer)          Turns: 2598, Time: 00:10:57

Health: -5/32      AC:  6    Str:  7    XL:     6   Next: 63%
Magic:  5/17       EV: 13    Int: 22    God:
Gold:   78         SH:  0    Dex: 15    Spells: 7/17 levels left

rFire    . . .     SeeInvis .   e - +1 dagger (drain)
rCold    . . .     Gourm    .   (no shield)
rNeg     . . .     Faith    .   a - +0 robe
rPois    .         Spirit   .   o - +1 helmet
rElec    .         Reflect  .   (no cloak)
rCorr    .         Harm     .   (no gloves)
MR       .....                  (no boots)
Stlth    ++........             (no amulet)
HPRegen  0.10/turn              (no ring)
MPRegen  0.15/turn              (no ring)

@: no status effects
A: thin metallic scales 1, clever 1
a: no special abilities


You were on level 3 of the Dungeon.
You were not hungry.

You visited 1 branch of the dungeon, and saw 3 of its levels.

You collected 78 gold pieces.

Inventory:

Hand Weapons
 e - a +1 dagger of draining (weapon)
Missiles
 i - 25 poisoned darts (quivered)
Armour
 a - a +0 robe (worn)
 o - a +1 helmet (worn)
Jewellery
 f - an uncursed ring of ice {unknown}
 h - a +3 amulet of reflection {unknown}
 k - a +5 ring of dexterity {unknown}
Scrolls
 b - a scroll of teleportation
 m - a scroll of fog
 n - a scroll of remove curse
Potions
 t - a potion of agility {unknown}
Comestibles
 c - 9 rations


   Skills:
 - Level 2.4 Dodging
 - Level 2.4 Stealth
 + Level 6.0 Spellcasting
 * Level 7.6 Conjurations


You had 7 spell levels left.
You knew the following spells:

 Your Spells              Type           Power        Failure   Level  Hunger
a - Magic Dart            Conj           ####         1%          1    None
b - Searing Ray           Conj           #####.       1%          2    None
c - Dazzling Spray        Conj/Hex       ###...       5%          3    #......
d - Iskenderun's Mystic   Conj           #####...     3%          4    ###....

Your spell library contained the following spells:

 Spells                   Type           Power        Failure   Level  Hunger
 Force Lance              Conj/Tloc      ###.....     19%         4    ###....
 Fulminant Prism          Conj/Hex       ###.......   19%         4    ###....


Dungeon Overview and Level Annotations

Branches:
Dungeon (3/15)

Altars:
Fedhas
Hepliaklqana
Makhleb
Uskayaw
Zin

Annotations:
D:3 Crazy Yiuf


Innate Abilities, Weirdness & Mutations

You are partially covered in thin metallic scales. (AC +2)
Your mind is acute. (Int +2)


Message History

Casting: Iskenderun's Mystic Blast (safe; 3% risk of failure)
Confirm with . or Enter, or press ? or * to list all spells.
Aiming: Iskenderun's Mystic Blast (safe; 3% risk of failure)
Press: ? - help, Shift-Dir - straight line, f/p - Crazy Yiuf
Aim: Crazy Yiuf, wielding a +3 quarterstaff of chaos and wearing a +2 cloak of magic resistance (heavily wounded, berserk, fast, unusually strong)
The orb of energy misses Crazy Yiuf.
Crazy Yiuf hits you with a +3 quarterstaff of chaos!
Crazy Yiuf freezes you.
Casting: Iskenderun's Mystic Blast (safe; 3% risk of failure)
Confirm with . or Enter, or press ? or * to list all spells.
Aiming: Iskenderun's Mystic Blast (safe; 3% risk of failure)
Press: ? - help, Shift-Dir - straight line, f/p - Crazy Yiuf
Aim: Crazy Yiuf, wielding a +3 quarterstaff of chaos and wearing a +2 cloak of magic resistance (heavily wounded, berserk, fast, unusually strong)
The orb of energy hits Crazy Yiuf!
Crazy Yiuf is severely wounded.
The orb of energy explodes!
Crazy Yiuf hits you with a +3 quarterstaff of chaos.
Crazy Yiuf hits you with a +3 quarterstaff of chaos!!
Ouch! That really hurt!
You die...

#.###..##
#....#
#......#
#....#
###....#
♣....♣
####.#
♣♣...♣
##########.#
♣♣.♣♣
...<....##.#
♣♣.♣
.######.##.#
♣.♣♣ .#
#.##.# ♣♣.♣
## #.##.#
♣@♣♣ #.##.#
*#g#*
#######..#.#
*...*
...........#
#...#
########.###
#)..# #.#
##### #.#
#.# *** #.#
*,*


You could see Crazy Yiuf (berserk).

Vanquished Creatures
  Grinder (D:3)
  Jessica (D:3)
  An orc wizard (D:3)
  3 adders
  4 gnolls (D:3)
  An ooze (D:1)
  6 worms
  4 dart slugs
  3 leopard geckos
  3 orcs
  A ball python (D:3)
  6 bats
  A giant cockroach (D:1)
  12 goblins
  8 hobgoblins
  7 kobolds
  A quokka (D:2)
  5 frilled lizards
  7 rats
75 creatures vanquished.

Notes
Turn   | Place    | Note
-------+----------+-------------------------------------------
     0 | D:1      | OTRawrior the Deep Elf Conjurer began the quest for the
                  | Orb.
     0 | D:1      | Reached XP level 1. HP: 10/10 MP: 6/6
    73 | D:1      | Reached XP level 2. HP: 15/15 MP: 4/8
    77 | D:1      | Learned a level 2 spell: Searing Ray
   261 | D:1      | Reached skill level 5 in Conjurations
   393 | D:1      | Reached XP level 3. HP: 19/19 MP: 7/10
   398 | D:1      | Learned a level 3 spell: Dazzling Spray
   918 | D:2      | Found a hide-covered altar of Uskayaw.
  1060 | D:2      | Found a blossoming altar of Fedhas.
  1154 | D:2      | Reached XP level 4. HP: 24/24 MP: 6/12
  1165 | D:2      | Learned a level 4 spell: Iskenderun's Mystic Blast
  1300 | D:2      | Found a faded altar of an unknown god.
  1605 | D:3      | Found a burning altar of Makhleb.
  1610 | D:3      | Found a glowing silver altar of Zin.
  1610 | D:3      | Noticed a balrug
  1610 | D:3      | Noticed an angel
  1851 | D:3      | Noticed Grinder
  1856 | D:3      | Paralysed by Grinder for 2 turns
  1861 | D:3      | Killed Grinder
  1861 | D:3      | Reached skill level 5 in Spellcasting
  1861 | D:3      | Reached skill level 7 in Conjurations
  1861 | D:3      | Reached XP level 5. HP: 6/28 MP: 0/15
  1861 | D:3      | Reached XP level 6. HP: 7/32 MP: 0/16
  1868 | D:3      | Noticed Jessica
  1874 | D:3      | Gained mutation: You are partially covered in thin metallic
                  | scales. (AC +2) [potion of mutation]
  1874 | D:3      | Gained mutation: Your mind is acute. (Int +2) [potion of
                  | mutation]
  1931 | D:3      | Killed Jessica
  2294 | D:3      | Found a hazy altar of Hepliaklqana.
  2589 | D:3      | Found a runed translucent door.
  2589 | D:3      | Noticed Crazy Yiuf
  2598 | D:3      | Slain by Crazy Yiuf

Levels and vault maps discovered:
D:1:      sevenhm_arrival_forest_fort_small_4, layout_basic,
          chequers_serial_rivers_small_a, minmay_indecisive_spiral
D:2:      layout_rooms, eat_drink_and_be_merry_uskayaw,
          chequers_ecumenical_altar_twisty, kennysheep_doodads, fedhas_altar_1
D:3:      layout_loops_ring, grunt_temple_overflow_order_and_chaos_2,
          lemuel_coloured_pillars_altar, vehumet_crystals,
          nicolae_overflow_crystal_walls, first_ration, uniq_natasha,
          uniq_crazy_yiuf_cottage, uniq_jessica, uniq_grinder

Skill      XL: |  1  2  3  4  5  6 |
---------------+-------------------+-----
Conjurations   | 5 7 |  7.6
Spellcasting   | 4 5 6 |  6.0
Dodging        | |  2.4
Stealth        | |  2.4

Action                   |  1- 3 |  4- 6 || total
-------------------------+-------+-------++-------
Melee: Dagger            |     9 |    10 ||    19
Throw: Dart              |     2 |       ||     2
 Cast: Magic Dart        |    63 |    37 ||   100
       Searing Ray       |     1 |     8 ||     9
       Dazzling Spray    |     1 |       ||     1
       Iskenderun's Myst |       |     9 ||     9
  Use: Scroll            |       |    10 ||    10
       Potion            |       |     4 ||     4
 Stab: Sleeping          |     2 |     3 ||     5
  Eat: Chunk             |     1 |     5 ||     6
Armor: Robe              |     1 |    44 ||    45
Dodge: Dodged            |     7 |    76 ||    83
